 Dungeon Crawl Stone Soup version 0.31-a0-1074-g0b22e4e0f1 (webtiles) character file.

Game seed: 1459689826400625499

301 Fodor the Covered (level 6, -2/79 HPs)
             Began as a Minotaur Fighter on Nov 28, 2023.
             Was an Initiate of Gozag.
             Slain by Duvessa
             ... wielding a +0 short sword
              (11 damage)
             ... on level 4 of the Dungeon.
             The game lasted 00:14:32 (2501 turns).

Fodor the Covered (Minotaur Fighter)                Turns: 2501, Time: 00:14:34

Health: -2/79      AC: 10    Str: 23    XL:     6   Next: 14%
Magic:  5/5        EV:  8    Int:  5    God:    Gozag
Gold:   75         SH:  0    Dex:  9    Spells: 5/5 levels left

rFire   . . .        a - +0 war axe
rCold   + . .        b - orb {mayhem}
rNeg    . . .        n - +0 chain mail {rC+}
rPois   .            (helmet restricted)
rElec   .            (no cloak)
rCorr   .            (no gloves)
SInv    .            (no boots)
Will    .....        (no amulet) Stlth
                     c - +4 ring of slaying
HPRegen 0.33/turn    (no ring)
MPRegen 0.09/turn

%: mayhem
@: berserking, gold aura, very quick
A: horns 2, retaliatory headbutt
a: Renounce Religion, Potion Petition, Call Merchant, Bribe Branch


You were on level 4 of the Dungeon.
You worshipped Gozag.
Gozag was noncommittal.
You visited 2 branches of the dungeon, and saw 5 of its levels.

You collected 130 gold pieces.
You spent 24 gold pieces at shops.
You paid 31 gold pieces to Gozag.

Inventory:

Hand Weapons
 a - a +0 war axe (weapon)
Armour
 b - an orb of mayhem (worn)
 n - a +0 chain mail of cold resistance (worn)
Jewellery
 c - a +4 ring of slaying (left hand)
Talismans
 i - a flux talisman
 o - a granite talisman
Wands
 l - a wand of iceblast (2)
Scrolls
 g - 2 scrolls of teleportation
 h - a scroll of brand weapon
 k - 3 scrolls of identify
Potions
 d - a potion of might
 e - a potion of brilliance {unknown}
 j - a potion of curing {unknown}
 m - a potion of lignification {unknown}
 p - a potion of heal wounds {unknown}


   Skills:
 + Level 4.6 Fighting
 + Level 5.4 Axes
 + Level 5.5 Armour
 + Level 0.7 Dodging
 + Level 4.1 Shields


You had 5 spell levels left.
You didn't know any spells.
Your spell library contained the following spells:

 Spells                   Type           Power      Damage    Failure   Level
 Sublimation of Blood     Necr           0%         N/A       99%         2
 Wereblood                Tmut           0%         N/A       99%         2
 Summon Hydra             Summ           0%         N/A       100%        7


Dungeon Overview and Level Annotations

Branches:
Dungeon (4/15)             Temple (1/1) D:4

Altars:
Dithmenos
Fedhas
Gozag
Hepliaklqana
Makhleb
Nemelex Xobeh
Okawaru
Trog
Uskayaw
Vehumet
Wu Jian
Xom
Yredelemnul
Zin
The Shining One

Shops:
D:1 ?

Annotations:
D:2 1 runed translucent door, Crazy Yiuf
D:4 Duvessa


Innate Abilities, Weirdness & Mutations

You have a pair of horns on your head.
You reflexively headbutt those who attack you in melee.


Message History

You hit Duvessa but do no damage. Dowan hits you with a +0 dagger.
Duvessa hits you with a +0 short sword.
You hit Dowan.
Dowan is almost dead.
You hit Duvessa. Dowan barely misses you. Duvessa closely misses you.
The ball python barely misses you. The ball python grabs you.
The ball python constricts you.
You hit Dowan.
You kill Dowan!
Duvessa flies into a frenzy!
Duvessa screams, "No!
How DARE you!"
You hit the ball python. You closely miss Duvessa.
Duvessa hits you but does no damage.
The orc is distracted by your dazzling golden aura.
Duvessa hits you with a +0 short sword!
* * * LOW HITPOINT WARNING * * *
The ball python bites you but does no damage.
The ball python constricts you.
The orc shouts!
You have reached level 6!
You escape the ball python's grasp.
Duvessa hits you but does no damage.
The ball python bites you but does no damage.
The ball python grabs you. The ball python constricts you.
Duvessa hits you with a +0 short sword.
* * * LOW HITPOINT WARNING * * *
It was a potion of berserk rage.
A red film seems to cover your vision as you go berserk!
You feel yourself moving faster!
You feel mighty!
The orc is distracted by your dazzling golden aura.
Duvessa barely misses you. The ball python barely misses you.
The ball python constricts you.
* * * LOW HITPOINT WARNING * * *
The orc shouts!
You slice Duvessa!!
Duvessa is severely wounded.
You slash the ball python!
You kill the ball python!
The orc flies into a frenzy!
Duvessa hits you with a +0 short sword!
You die...
Your body crumbles into a pile of gold.

#.# #.# #.# #.#
##.# #..# #..##
##...###
##..#e@$######
###..###.$......
##..###
###oo.... ##..##


oo.... ##..### ..... ##.....# #.J.. ##...##.# .... ###..#..#.## ...
##....#.....# You could see a jelly, 3 orcs, the neutral Duvessa (fast, strong,
frenzied) and a neutral orc (fast, strong, frenzied, distracted).

Vanquished Creatures
  Dowan (D:4)
  Jessica (D:3)
  An iguana (D:4)
  Ijyb (D:3)
  An orc wizard (D:4)
  Robin (D:2)
  2 adders
  6 worms
  4 dart slugs
  2 orcs (D:4)
  7 ball pythons
  6 bats
  5 endoplasms
  5 giant cockroaches
  14 goblins
  8 hobgoblins
  11 jackals
  3 quokkas
  5 frilled lizards
  4 kobolds
  7 rats
95 creatures vanquished.

Notes
Turn   | Place    | Note
-------+----------+-------------------------------------------
     0 | D:1      | Fodor the Minotaur Fighter began the quest for the Orb.
     0 | D:1      | Reached XP level 1. HP: 19/19 MP: 0/0
   299 | D:1      | Reached XP level 2. HP: 27/27 MP: 1/1
   376 | D:1      | Reached XP level 3. HP: 33/33 MP: 2/2
   383 | D:1      | Found Yclom's Magic Scroll Shoppe.
   387 | D:1      | Bought a scroll of identify for 24 gold pieces
   738 | D:2      | Found a runed translucent door.
   739 | D:2      | Noticed Crazy Yiuf
   908 | D:2      | Noticed Robin
   923 | D:2      | Reached XP level 4. HP: 21/41 MP: 3/3
   929 | D:2      | Killed Robin
  1339 | D:3      | Found a shimmering altar of Xom.
  1499 | D:3      | Noticed Jessica
  1504 | D:3      | Killed Jessica
  1505 | D:3      | Reached skill level 5 in Armour
  1505 | D:3      | Reached XP level 5. HP: 45/47 MP: 4/4
  1680 | D:3      | Noticed Ijyb
  1686 | D:3      | Killed Ijyb
  1782 | D:3      | Found an ornate altar of the Wu Jian Council.
  2110 | D:4      | Found a staircase to the Ecumenical Temple.
  2122 | Temple   | Entered the Ecumenical Temple
  2178 | Temple   | Became a worshipper of Gozag Ym Sagoz the Greedy
  2333 | D:4      | Reached skill level 5 in Axes
  2491 | D:4      | Noticed Duvessa
  2491 | D:4      | Noticed Dowan
  2498 | D:4      | Killed Dowan
  2499 | D:4      | Reached XP level 6. HP: 11/53 MP: 5/5
  2501 | D:4      | Slain by Duvessa

Illustrated notes

Levels and vault maps discovered:
D:1:      heliophobic_arrival_glass_houses, layout_rooms, serial_shops,
          nicolae_shop_rolled_up
D:2:      layout_rooms, kennysheep_generic_room_8, uniq_robin,
          uniq_crazy_yiuf_cottage
D:3:      layout_loops_ring, nicolae_overflow_hidden_temple,
          nzn_wu_jian_contemplation, uniq_jessica, uniq_ijyb
D:4:      layout_cave_pods, minmay_temple_entry_tees, dk_rats_in_the_wall,
          uniq_duvessa
Temple:   dshaligram_water_room_temple

Skill      XL: |  1  2  3  4  5 |
---------------+----------------+-----
Armour         | 4 5 |  5.5
Fighting       | 4 |  4.6
Shields        | 4 |  4.1
Axes           | 3 5 |  5.4
Dodging        | |  0.7

Action                     |  1- 3 |  4- 6 || total
---------------------------+-------+-------++-------
  Melee: War axe           |    81 |    80 ||   161
         Headbutt          |     8 |    11 ||    19
    Use: Scroll            |     2 |       ||     2
         Potion            |       |     2 ||     2
 Armour: Scale mail        |    75 |    40 ||   115
         Chain mail        |       |    38 ||    38
  Dodge: Dodged            |    44 |    44 ||    88
  Block: Buckler           |    23 |    10 ||    33

Table legend: (Time is in decaauts)
 A = Elapsed time spent in this place.
 B = Non-inter-level travel time spent in this place.
 C = Inter-level travel time spent in this place.
 D = Time resting spent in this place.
 E = Time spent auto-exploring this place.
 F = Levels seen in this place.
 G = Mean time per level.
                   A        B        C        D        E       F      G
               +--------+--------+--------+--------+--------+-----+--------+
         Total |   2555 |   2464 |     91 |    126 |      0 |   5 |  511.0 |
       Dungeon |   2476 |   2385 |     91 |    126 |      0 |   4 |  619.0 |
        Temple |     78 |     78 |      0 |      0 |      0 |   1 |   78.0 |
               +--------+--------+--------+--------+--------+-----+--------+

Top non-repeatable levels by time:
     D:2: 704 daAuts
     D:3: 703 daAuts
     D:1: 635 daAuts
     D:4: 433 daAuts
  Temple: 78 daAuts
